 Dungeon Crawl Stone Soup version 0.27.1-3-gb3d3a73c9e (webtiles) character file.

Game seed: 7401156639293976199

177758 Elvor the Eclecticist (level 17, -18/107 HPs)
             Began as a Deep Elf Conjurer on Oct 13, 2021.
             Was the Champion of Vehumet.
             Killed from afar by a thorn hunter (30 damage)
             ... with a volley of thorns
             ... on level 4 of the Swamp on Oct 14, 2021.
             The game lasted 06:00:56 (29639 turns).

Elvor the Eclecticist (Deep Elf Conjurer)          Turns: 29639, Time: 06:00:56

Health: -18/107    AC: 19    Str: 13    XL:     17   Next: 55%
Magic:  8/42       EV: 14    Int: 29    God:    Vehumet [******]
Gold:   1479       SH:  4    Dex: 13    Spells: 11/55 levels left

rFire    + + .     SeeInvis .   X - +6 demon blade of Premature Burial {elec, +Rage}
rCold    + . .     Faith    .   D - +0 buckler of Veidopabi {+Blink rF+ Str+7}
rNeg     . . .     Spirit   .   W - +0 acid dragon scales
rPois    +         Reflect  .   I - +2 hood of the Assassin {Detection Stab+ Stlth++}
rElec    .         Harm     .   t - scarf {rC+ rF+}
rCorr    +         Rampage  .   T - +2 pair of gloves
Will     +....                  e - +2 pair of boots
Stlth    +++.......             l - amulet of regeneration
HPRegen  1.27/turn              y - +4 ring of protection
MPRegen  0.28/turn              n - ring of poison resistance

@: slowed, very slow
A: no striking features
a: Renounce Religion, Evoke Blink, Evoke Berserk Rage


You were on level 4 of the Swamp.
You worshipped Vehumet.
Vehumet was exalted by your worship.
You visited 5 branches of the dungeon, and saw 28 of its levels.
You also visited: Ice Cave.

You collected 2924 gold pieces.
You spent 1445 gold pieces at shops.

Inventory:

Hand Weapons
 A - the +6 falchion "Qekidohame" {freeze, Int+5}
   (You found it on level 3 of the Lair of Beasts)

   It freezes those it strikes, dealing additional cold damage.
   It can also slow down cold-blooded creatures.
   Int:       It affects your intelligence (+5).
 S - the +6 dagger "Raob" {vamp, rC+}
   (You found it on level 4 of the Lair of Beasts)

   It occasionally heals its wielder for a portion of the damage dealt when it
   wounds a living foe.
   rC:        It protects you from cold.
 X - the +6 demon blade of Premature Burial (weapon) {elec, +Rage}
   (You bought it in a shop on level 14 of the Dungeon)

   It occasionally discharges a powerful burst of electricity upon striking a
   foe.
   +Rage:     It lets you go berserk.
Missiles
 a - 23 boomerangs
 c - 499 stones
 p - 93 poisoned darts
 z - 13 javelins
 K - 6 curare-tipped darts
Armour
 d - +0 swamp dragon scales
 e - a +2 pair of boots (worn)
 t - a scarf of resistance (worn)
 D - the +0 buckler of Veidopabi (worn) {+Blink rF+ Str+7}
   (You found it on level 9 of the Dungeon)

   Str:       It affects your strength (+7).
   rF:        It protects you from fire.
   +Blink:    It lets you blink.
 H - the +0 leather armour "Liel" {rPois Regen+ Str-5 Int+8}
   (You found it on level 3 of the Swamp)

   Str:       It affects your strength (-5).
   Int:       It affects your intelligence (+8).
   rPois:     It protects you from poison.
   Regen:     It increases your rate of health regeneration.
 I - the +2 hood of the Assassin (worn) {Detection Stab+ Stlth++}
   (You found it on level 4 of the Swamp)

   It allows the wearer to sense nearby creatures.
   It allows the wearer to make particularly effective stabbing attacks against
   helpless or unaware enemies with any weapon.
   Stlth:     It makes you much more stealthy.
 T - a +2 pair of gloves (worn)
 W - +0 acid dragon scales (worn)
Jewellery
 l - an amulet of regeneration (around neck)
 n - a ring of poison resistance (right hand)
 y - a +4 ring of protection (left hand)
Wands
 i - a wand of iceblast (4)
 q - a wand of digging (4)
 s - a wand of flame (21)
 u - a wand of polymorph (10)
 B - a wand of mindburst (12) (quivered)
Scrolls
 b - 7 scrolls of immolation
 j - a scroll of enchant armour
 k - 2 scrolls of identify
 m - 5 scrolls of magic mapping
 o - 7 scrolls of teleportation
 v - a scroll of fear
 C - a scroll of brand weapon
 F - 3 scrolls of silence
 J - 3 scrolls of torment
 O - 5 scrolls of summoning
Potions
 f - 2 potions of invisibility
 g - 3 potions of haste
 h - 4 potions of berserk rage
 r - 13 potions of curing
 w - 2 potions of flight
 M - 4 potions of resistance
 N - 5 potions of might
 R - 2 potions of brilliance
 Y - 2 potions of lignification
Miscellaneous
 Q - a tin of tremorstones (2/2)


   Skills:
 * Level 12.3 Fighting
 + Level 0.3(1.9) Short Blades
 + Level 2.8 Long Blades
 + Level 7.6 Throwing
 + Level 4.4 Armour
 + Level 8.2 Dodging
 + Level 8.1 Stealth
 + Level 2.5 Shields
 + Level 19.9 Spellcasting
 + Level 15.3 Conjurations
 + Level 1.1 Translocations
 + Level 1.9 Transmutations
 + Level 3.0 Fire Magic
 + Level 3.9 Ice Magic
 + Level 0.1 Air Magic
 + Level 12.2 Earth Magic
 + Level 7.9 Evocations


You had 11 spell levels left.
You knew the following spells:

 Your Spells              Type           Power      Damage    Failure   Level
a - Magic Dart            Conj           100%       1d8       0%          1
b - Searing Ray           Conj           100%       3d7       0%          2
c - Freeze                Ice            100%       1d11      1%          1
d - Iskenderun's Mystic   Conj/Tloc      67%        2d14      1%          4
e - Iron Shot             Conj/Erth      41%        9d8       1%          6
f - Fireball              Conj/Fire      35%        3d15      1%          5
g - Passwall              Tmut/Erth      52%        N/A       1%          2
h - Swiftness             Air            29%        N/A       7%          3
i - Ice Form              Ice/Tmut       46%        N/A       7%          4
j - Petrify               Tmut/Erth      63%        N/A       1%          4
k - Lee's Rapid Deconstr  Erth           39%        3d20*     1%          5
l - Spellforged Servitor  Conj/Summ      32%        N/A       22%         7

Your spell library contained the following spells:

 Spells                   Type           Power      Damage    Failure   Level
 Lehudib's Crystal Spear  Conj/Erth      41%        10d10     14%         8
 Foxfire                  Conj/Fire      100%       2x1d9     1%          1
 Sting                    Tmut/Pois      100%       1d8       1%          1
 Poisonous Vapours        Pois/Air       58%        N/A       1%          2
 Static Discharge         Conj/Air       65%        N/A       1%          2
 Conjure Flame            Conj/Fire      70%        6-21      1%          3
 Dazzling Flash           Conj/Hex       100%       N/A       1%          3
 Frozen Ramparts          Ice            100%       1d12      1%          3
 Inner Flame              Hex/Fire       37%        N/A       1%          3
 Fulminant Prism          Conj/Hex       32%        3d16      1%          4
 Hailstorm                Conj/Ice       71%        3d15      1%          4
 Leda's Liquefaction      Hex/Erth       29%        N/A       1%          4
 Bolt of Magma            Conj/Fire/Erth 36%        4d16      1%          5
 Lightning Bolt           Conj/Air       32%        1d50      1%          5
 Starburst                Conj/Fire      35%        6d10      2%          6
 Borgnjor's Vile Clutch   Necr/Erth      29%        N/A       5%          5
 Olgreb's Toxic Radiance  Pois           28%        N/A       7%          4
 Statue Form              Tmut/Erth      42%        N/A       19%         6
 Animate Dead             Necr           14%        N/A       24%         4
 Cause Fear               Hex            14%        N/A       24%         4
 Metabolic Englaciation   Hex/Ice        20%        N/A       28%         5
 Alistair's Intoxication  Tmut/Pois      22%        N/A       41%         5
 Summon Forest            Summ/Tloc      16%        N/A       45%         5
 Eringya's Noxious Bog    Tmut/Pois      17%        N/A       50%         6
 Simulacrum               Ice/Necr       20%        N/A       85%         6
 Death Channel            Necr           14%        N/A       98%         6
 Invisibility             Hex            14%        N/A       98%         6
 Haunt                    Necr/Summ      14%        N/A       100%        7
 Malign Gateway           Summ/Tloc      16%        N/A       100%        7
 Summon Hydra             Summ           14%        N/A       100%        7
 Discord                  Hex            14%        N/A       100%        8
 Ignition                 Fire           23%        3d8       100%        8
 Infestation              Necr           14%        N/A       100%        8
 Maxwell's Capacitive Co  Air            14%        ∞         100%        8
 Summon Horrible Things   Summ           14%        N/A       100%        8


Dungeon Overview and Level Annotations

Branches:
Dungeon (15/15)            Temple (1/1) D:4            Lair (6/6) D:9
  Swamp (4/4) Lair:3        Snake (0/4) Lair:4        Slime (0/5) Lair:5
    Orc (2/2) D:12            Elf (0/3) Orc:2        Vaults (0/5) D:13
 Depths (0/5) D:15          IceCv (visited)

Altars:
Ashenzari
Cheibriados
Dithmenos
Elyvilon
Fedhas
Gozag
Hepliaklqana
Kikubaaqudgha
Makhleb
Nemelex Xobeh
Okawaru
Qazlal
Ru
Sif Muna
Trog
Uskayaw
Vehumet
Wu Jian
Xom
Yredelemnul
Zin
The Shining One
Beogh
Jiyva

Shops:
D:14 (   Orc:2 !=[(?

Annotations:
Swamp:4 3 runed translucent doors, CuBeRJAN3's ghost, adept MiFi


Message History

Your surroundings suddenly seem different.
Splash!
A neqoxec, a blizzard demon and a thorn hunter come into view.
The deep elf pyromancer shouts!
The blizzard demon shouts!
A bloated husk comes into view.
The deep elf pyromancer mumbles some strange words.
The blizzard demon hits you but does no damage. x2
As you read the scroll of fog, it crumbles to dust.
The scroll dissolves into smoke.
The thorn hunter gestures.
Thorny briars emerge from the ground!
The deep elf pyromancer gestures at you while chanting.
You block the sticky flame. The blizzard demon closely misses you.
You riposte.
Your unstable footing causes you to fumble your attack.
The blizzard demon hits you but does no damage.
The thorn hunter gestures.
The deep elf pyromancer points at you and mumbles some strange words.
You block the sticky flame. The fire elemental hits you.
The fire elemental burns you! You resist.
* * * LOW HITPOINT WARNING * * *
The blizzard demon gestures at you. The bolt of lightning misses you.
The bolt of lightning hits the fire elemental!
The fire elemental resists.
The bolt of lightning hits the neqoxec!
You smell burning wood.
The bloated husk explodes!
The blast of putrescent gases engulfs the blizzard demon!!!
The blast of putrescent gases engulfs the fire elemental!!
The fire elemental is destroyed!
The blast of putrescent gases engulfs you!
* * * LOW HITPOINT WARNING * * *
The blast of putrescent gases engulfs the fire elemental!!
The blast of putrescent gases engulfs the thorn hunter!!!
The blast of putrescent gases engulfs the neqoxec!!!
The neqoxec dies!
You blink.
Splash!
The thorn hunter fires a volley of thorns at you.
The volley of thorns hits you!!
You die...

#### ♣.≈≈#
♣♣≈≈≈♣### ♣♣♣ #≈
♣≈≈≈≈≈≈≈##♣♣≈♣♣♣ ≈#
≈ ♣≈≈≈≈@##≈##.≈≈.♣♣
≈≈#∩#
♣≈.♣##∩#≈.##....♣♣♣
♣≈≈.# ♣
#≈f§♣#≈≈....♣ §≈§.#
#§2§§##≈.≈..♣
♣..w≈#
#§§§§♣#≈≈.♣♣♣♣♣♣
≈≈≈≈≈♣#
♣§§§§.#....≈♣.§§
.≈.≈≈§#
#eE§§§.≈#[....≈≈§
.♣.≈≈..
#.○..♣≈≈≈#≈.≈.≈≈≈≈
..≈..≈#
##.≈.≈≈≈≈#≈≈..≈≈≈≈


You could see a thorn hunter and a blizzard demon.

Vanquished Creatures
  A tentacled monstrosity (Lair:3)
  Jorgrun (Orc:1)
  The ghost of Jabberih the Spry, an adept MfIE of Vehumet (Lair:4)
  Agnes (D:15)
  Kirke (D:15)
  Roxanne (D:15)
  2 fenstrider witches (Swamp:4)
  A ghoul (Swamp:4)
  A very ugly thing (D:15)
  Nessos (D:15)
  3 entropy weavers (Lair:4)
  A white draconian (IceCv)
  5 bunyips
  A fire dragon (Lair:6)
  3 eleionomae
  A great orb of eyes (D:15)
  An ice dragon (Lair:6)
  A rakshasa (D:15)
  3 ghost crabs (Lair:4)
  3 boulder beetles
  A spriggan air mage (Swamp:4)
  21 hydras
  A catoblepas (Lair:5)
  4 ogre magi
  A death yak (Lair:4)
  A tengu warrior (D:14)
  5 centaur warriors
  5 alligators
  13 two-headed ogres
  Urug (Lair:3)
  A soul eater (Swamp:4)
  Sonja (D:10)
  5 fire crabs (Lair:4)
  A deep troll (Orc:2)
  6 goliath frogs
  A death drake (Swamp:4)
  11 bog bodies
  4 spriggan druids
  8 swamp dragons
  A wizard (D:9)
  A lindwurm (Lair:6)
  4 orc knights
  2 deep elf pyromancers
  Pikel (D:5)
  4 orc sorcerers
  25 ugly things
  4 will-o-the-wisps
  7 cyclopes
  An apocalypse crab (Lair:4)
  6 elephants (Lair:6)
  8 torpor snails
  6 black mambas
  3 gargoyles
  11 cane toads
  An unseen horror (D:11)
  2 ice statues (IceCv)
  A kobold demonologist (D:9)
  6 yaktaurs (D:15)
  An efreet (D:15)
  8 komodo dragons
  A yaktaur (shapeshifter) (D:14)
  A tengu conjurer (D:14)
  10 rime drakes
  3 hellwings (Swamp:4)
  3 meliai (D:15)
  A bloated husk (Swamp:3)
  12 trolls
  A meliai (shapeshifter) (D:15)
  2 polar bears (Lair:4)
  16 hornets
  Grinder (D:4)
  15 tyrant leeches
  23 blink frogs
  4 dream sheep
  15 slime creatures
  Sigmund (D:3)
  3 shadows
  A tarantella (Lair:4)
  11 spriggans
  4 wyverns
  5 hogs (D:15)
  3 wraiths
  64 yaks
  5 basilisks
  2 steam dragons (Lair:6)
  9 swamp worms
  7 vampire mosquitoes
  5 acid dragons
  3 wargs
  18 water moccasins
  A floating eye (shapeshifter) (D:13)
  23 orc warriors
  3 ice beasts
  6 swamp drakes
  4 black bears
  20 ogres (Orc:2)
  13 centaurs
  18 wolves
  2 phantoms
  A kobold brigand (D:8)
  18 bullfrogs
  A cane toad simulacrum (Orc:2)
  A scorpion (D:5)
  A water moccasin zombie (D:5)
  A two-headed ogre simulacrum (Orc:2)
  12 killer bees
  3 lindwurm simulacra (IceCv)
  3 troll zombies (D:12)
  An electric eel (D:15)
  12 wights
  An elephant simulacrum (Orc:2)
  A howler monkey (D:4)
  2 komodo dragon simulacra (IceCv)
  4 centaur zombies
  6 jellies
  6 orc priests
  A bullfrog skeleton (D:6)
  A centaur skeleton (D:4)
  3 gnoll shamans
  2 hounds
  7 iguanas
  Ijyb (D:3)
  15 orc wizards
  6 hell rats (Lair:5)
  2 spriggan simulacra (Orc:2)
  3 troll simulacra (Orc:2)
  2 centaur simulacra
  5 ogre zombies (D:12)
  A howler monkey zombie (D:6)
  13 gnolls
  A howler monkey skeleton (D:5)
  7 acid dragon simulacra (IceCv)
  10 adders
  A white imp (D:3)
  9 steam dragon simulacra (IceCv)
  3 worms
  A dart slug (D:1)
  79 orcs
  4 ball pythons
  5 bats
  10 endoplasms
  4 giant cockroaches
  6 goblins
  2 hobgoblins
  7 jackals
  11 kobolds
  5 frilled lizards
  3 goblin skeletons (D:12)
  3 goblin zombies (D:12)
  2 hobgoblin skeletons (D:12)
  A hobgoblin zombie (D:12)
  An orc skeleton (D:12)
  15 orc zombies (D:12)
  5 rats
  A bush (D:12)
898 creatures vanquished.

Vanquished Creatures (collateral kills)
  2 two-headed ogres (Orc:2)
  A deep troll (Orc:2)
  A necrophage (D:8)
  A kobold (D:8)
5 creatures vanquished.

Vanquished Creatures (others)
  A wizard (Swamp:4)
  A tyrant leech (Swamp:4)
  A bloated husk (Swamp:4)
  A yak (D:8)
  A chaos spawn (Swamp:4)
  A neqoxec (Swamp:4)
  A black bear (D:5)
  A lemure (D:5)
  A killer bee (D:6)
  2 foxfires (Swamp:4)
  11 fungi
  38 plants
60 creatures vanquished.

Grand Total: 963 creatures vanquished

Notes
Turn   | Place    | Note
-------+----------+-------------------------------------------
     0 | D:1      | Elvor the Deep Elf Conjurer began the quest for the Orb.
     0 | D:1      | Reached XP level 1. HP: 10/10 MP: 6/6
   140 | D:1      | Reached XP level 2. HP: 13/15 MP: 1/8
   143 | D:1      | Learned a level 2 spell: Searing Ray
   330 | D:1      | Reached skill level 5 in Conjurations
   497 | D:1      | Reached XP level 3. HP: 20/20 MP: 7/9
   761 | D:2      | Found a shadowy altar of Dithmenos.
   827 | D:2      | Found a faded altar of an unknown god.
   986 | D:2      | Reached XP level 4. HP: 24/24 MP: 3/11
  1338 | D:3      | Reached skill level 1 in Fighting
  1379 | D:3      | Noticed Sigmund
  1389 | D:3      | Killed Sigmund
  1390 | D:3      | Reached skill level 4 in Spellcasting
  1390 | D:3      | Reached XP level 5. HP: 18/30 MP: 8/14
  1483 | D:3      | Reached XP level 6. HP: 29/35 MP: 11/15
  1509 | D:3      | Reached skill level 5 in Spellcasting
  1651 | D:3      | Noticed Ijyb
  1659 | D:3      | Killed Ijyb
  1687 | D:3      | Found a shadowy altar of Dithmenos.
  2167 | D:4      | Found a staircase to the Ecumenical Temple.
  2180 | Temple   | Entered the Ecumenical Temple
  2221 | Temple   | Became a worshipper of Vehumet
  2345 | D:4      | Reached skill level 6 in Spellcasting
  2351 | D:4      | Noticed Grinder
  2360 | D:4      | Killed Grinder
  2361 | D:4      | Reached XP level 7. HP: 40/40 MP: 12/19
  2375 | D:4      | Found a hide-covered altar of Uskayaw.
  2429 | D:4      | Found a burning altar of Makhleb.
  2754 | D:5      | Entered Level 5 of the Dungeon
  2818 | D:5      | Reached skill level 7 in Spellcasting
  2876 | D:5      | Reached skill level 1 in Throwing
  2904 | D:5      | Reached skill level 1 in Armour
  2904 | D:5      | Reached XP level 8. HP: 45/45 MP: 17/21
  3073 | D:5      | Reached skill level 8 in Spellcasting
  3283 | D:5      | Noticed Pikel
  3293 | D:5      | Killed Pikel
  3293 | D:5      | Reached * piety under Vehumet
  3293 | D:5      | Offered knowledge of Freeze by Vehumet.
  3387 | D:5      | Learned a level 1 spell: Freeze
  3610 | D:6      | Reached skill level 1 in Evocations
  3616 | D:6      | Reached skill level 9 in Spellcasting
  3653 | D:6      | Reached XP level 9. HP: 52/52 MP: 18/24
  4660 | D:7      | Found a shimmering altar of Xom.
  4660 | D:7      | Found an iron altar of Okawaru.
  4672 | D:7      | Found a glowing golden altar of the Shining One.
  4672 | D:7      | Found a basalt altar of Yredelemnul.
  4675 | D:7      | Found a shimmering blue altar of Sif Muna.
  4687 | D:7      | Offered knowledge of Static Discharge by Vehumet.
  4689 | D:7      | Reached ** piety under Vehumet
  5148 | D:7      | You fall into a shaft and drop 1 floor!
  5583 | D:7      | Reached skill level 1 in Ice Magic
  5623 | D:7      | Found an opulent altar of Gozag.
  5717 | D:7      | Noticed a two-headed ogre
  5726 | D:7      | Killed a two-headed ogre
  5727 | D:7      | Reached skill level 5 in Fighting
  5727 | D:7      | Reached skill level 10 in Spellcasting
  5771 | D:7      | Offered knowledge of Ignite Poison by Vehumet.
  6202 | D:8      | Reached XP level 10. HP: 59/59 MP: 23/26
  6256 | D:8      | Noticed a seven-headed hydra
  6307 | D:8      | Reached *** piety under Vehumet
  6409 | D:8      | Found a broken altar of Ashenzari.
  6889 | D:9      | Noticed a wizard
  6892 | D:9      | Killed a wizard
  6893 | D:9      | Reached skill level 11 in Spellcasting
  6941 | D:9      | Identified the +0 buckler of Veidopabi {+Blink rF+ Str+7}
  7054 | D:9      | Reached skill level 5 in Stealth
  7066 | D:9      | Noticed a soul eater
  7122 | D:9      | Noticed a two-headed ogre
  7130 | D:9      | Killed a two-headed ogre
  7131 | D:9      | Reached skill level 1 in Shields
  7316 | D:9      | Found a staircase to the Lair.
  7438 | D:9      | Learned a level 4 spell: Iskenderun's Mystic Blast
  7597 | D:9      | Found a stormy altar of Qazlal.
  7924 | D:10     | Entered Level 10 of the Dungeon
  8015 | D:10     | Noticed Sonja
  8027 | D:10     | Killed Sonja
  8095 | D:10     | Reached XP level 11. HP: 66/66 MP: 24/28
  8167 | D:10     | Reached skill level 5 in Evocations
  8182 | D:10     | Offered knowledge of Airstrike by Vehumet.
  8428 | D:10     | Noticed a two-headed ogre
  8439 | D:10     | Killed a two-headed ogre
  8440 | D:10     | Reached skill level 5 in Throwing
  8440 | D:10     | Reached skill level 12 in Spellcasting
  8765 | D:11     | Noticed a two-headed ogre
  8775 | D:11     | Killed a two-headed ogre
  8776 | D:11     | Reached skill level 5 in Dodging
  8915 | D:11     | Found a viscous altar of Jiyva.
  9084 | D:11     | Noticed a boulder beetle
  9128 | D:11     | Reached **** piety under Vehumet
  9206 | D:11     | Reached skill level 10 in Conjurations
  9449 | D:11     | Noticed a cyan ugly thing
  9681 | D:11     | HP: 2/67 [boulder beetle (15)]
  9685 | D:11     | Killed a boulder beetle
  9685 | D:11     | Offered knowledge of Irradiate by Vehumet.
  9951 | D:11     | Killed a cyan ugly thing
 10040 | D:12     | Reached XP level 12. HP: 66/73 MP: 25/30
 10161 | D:8      | Killed a seven-headed hydra
 10162 | D:8      | Reached skill level 13 in Spellcasting
 11258 | D:12     | Found a staircase to the Orcish Mines.
 11381 | D:12     | Reached ***** piety under Vehumet
 11578 | D:12     | Offered knowledge of Iron Shot by Vehumet.
 11586 | D:12     | Learned a level 6 spell: Iron Shot
 11724 | Lair:1   | Entered Level 1 of the Lair of Beasts
 12172 | Lair:1   | You fall into a shaft and drop 1 floor!
 12239 | Lair:1   | Noticed a five-headed hydra
 12249 | Lair:1   | Killed a five-headed hydra
 12290 | Lair:1   | Reached skill level 1 in Earth Magic
 12290 | Lair:1   | Noticed a seven-headed hydra
 12294 | Lair:1   | Killed a seven-headed hydra
 12295 | Lair:1   | Reached skill level 14 in Spellcasting
 12324 | Lair:1   | Learned a level 5 spell: Fireball
 12342 | Lair:1   | Noticed a seven-headed hydra
 12356 | Lair:1   | Killed a seven-headed hydra
 12987 | Lair:2   | Learned a level 2 spell: Passwall
 12991 | Lair:2   | Learned a level 3 spell: Swiftness
 13009 | Lair:2   | Reached XP level 13. HP: 59/79 MP: 23/33
 13654 | Lair:3   | Noticed Urug
 13661 | Lair:3   | Killed Urug
 13724 | Lair:3   | Identified the +6 falchion "Qekidohame" {freeze, Int+5}
 13923 | Lair:3   | Found a staircase to the Swamp.
 13931 | Lair:3   | Reached skill level 15 in Spellcasting
 13990 | Lair:3   | Reached skill level 5 in Earth Magic
 14032 | Lair:3   | Reached skill level 1 in Fire Magic
 14341 | Lair:4   | Offered knowledge of Yara's Violent Unravelling by Vehumet.
 14715 | Lair:4   | Found a staircase to the Snake Pit.
 15037 | Lair:4   | Found a runed translucent door.
 15050 | Lair:4   | Found a runed translucent door.
 15051 | Lair:4   | Noticed Jabberih's ghost (adept MfIE)
 15276 | Lair:4   | Noticed an entropy weaver
 15284 | Lair:4   | Killed an entropy weaver
 15285 | Lair:4   | Reached XP level 14. HP: 70/86 MP: 10/35
 15963 | Lair:4   | Learned a level 4 spell: Ice Form
 15977 | Lair:4   | Killed Jabberih's ghost
 15978 | Lair:4   | Reached skill level 16 in Spellcasting
 15983 | Lair:4   | Identified the +6 dagger "Raob" {vamp, rC+}
 16277 | Lair:5   | Found a runed translucent door.
 16278 | Lair:5   | Found a viscous altar of Jiyva.
 16648 | Lair:5   | Found a staircase to the Slime Pits.
 16774 | Lair:6   | Entered Level 6 of the Lair of Beasts
 16798 | Lair:6   | Reached skill level 10 in Fighting
 16857 | Lair:6   | Found a runed translucent door.
 17287 | Lair:6   | Identified the +6 falchion of Courage {freeze, Fly}
 17297 | Lair:6   | Learned a level 4 spell: Petrify
 17518 | Lair:6   | Identified the +11 quarterstaff of Fedhas {vamp, Will+}
 17875 | Lair:6   | HP: 3/88 [elephant (12)]
 18648 | Orc:1    | Entered Level 1 of the Orcish Mines
 18956 | Orc:1    | Reached skill level 17 in Spellcasting
 19179 | Orc:2    | Entered Level 2 of the Orcish Mines
 19183 | Orc:2    | Found Luicai's Distillery.
 19247 | Orc:2    | Offered knowledge of Conjure Ball Lightning by Vehumet.
 19266 | Orc:2    | Reached XP level 15. HP: 25/92 MP: 2/38
 19276 | Orc:2    | Found a frozen archway.
 19332 | IceCv    | Entered an ice cave
 19925 | Orc:1    | Noticed Jorgrun
 20047 | Orc:2    | Bought a potion of degeneration for 12 gold pieces
 20047 | Orc:2    | Bought a potion of heal wounds for 60 gold pieces
 20047 | Orc:2    | Bought a potion of curing for 36 gold pieces
 20047 | Orc:2    | Bought a potion of mutation for 96 gold pieces
 20047 | Orc:2    | Bought 2 potions of curing for 72 gold pieces
 20047 | Orc:2    | Bought a potion of heal wounds for 60 gold pieces
 20047 | Orc:2    | Bought a potion of brilliance for 48 gold pieces
 20356 | Orc:2    | Reached ****** piety under Vehumet
 20594 | Orc:2    | Offered knowledge of Lee's Rapid Deconstruction by Vehumet.
 20703 | Orc:2    | Found Jefoys's Weapon Emporium.
 20704 | Orc:2    | Found Paan's Jewellery Emporium.
 20826 | Orc:2    | Found Hananod's Magic Scroll Boutique.
 20837 | Orc:2    | Found a staircase to the Elven Halls.
 20837 | Orc:2    | Found Punanem's Antique Armour Shoppe.
 20862 | Orc:2    | Bought a scroll of identify for 24 gold pieces
 20958 | Orc:2    | Bought a scroll of enchant armour for 90 gold pieces
 20958 | Orc:2    | Bought a scroll of amnesia for 42 gold pieces
 20958 | Orc:2    | Bought a scroll of blinking for 90 gold pieces
 20958 | Orc:2    | Bought a scroll of teleportation for 36 gold pieces
 20963 | Orc:2    | Bought a pair of embroidered gloves for 195 gold pieces
 21042 | Orc:2    | Bought a potion of lignification for 36 gold pieces
 21042 | Orc:2    | Bought a potion of brilliance for 48 gold pieces
 21118 | Orc:1    | Killed Jorgrun
 21368 | D:12     | Learned a level 5 spell: Lee's Rapid Deconstruction
 22167 | D:13     | Reached skill level 1 in Long Blades
 22196 | D:13     | Found a gate to the Vaults.
 22558 | D:14     | Identified the amulet "Qeama" {Spirit -Cast Str+6 Dex+4
                  | Stlth+}
 22699 | D:14     | Reached skill level 18 in Spellcasting
 22852 | D:14     | Found Zomivof's Antique Weapon Emporium.
 22860 | D:14     | Bought a twisted demon blade for 500 gold pieces
 22860 | D:14     | Identified the +6 demon blade of Premature Burial {elec,
                  | +Rage} (You bought it in a shop on level 14 of the Dungeon)
 22991 | D:14     | Reached skill level 10 in Earth Magic
 23252 | D:15     | Entered Level 15 of the Dungeon
 23368 | D:15     | Noticed Kirke
 23416 | D:15     | Offered knowledge of Ozocubu's Refrigeration by Vehumet.
 23590 | D:15     | Reached XP level 16. HP: 100/100 MP: 24/40
 23598 | D:15     | Noticed Roxanne
 23777 | D:15     | Killed Roxanne
 23916 | D:15     | Killed Kirke
 23917 | D:15     | Reached skill level 1 in Transmutations
 24283 | D:15     | Noticed Nessos
 24287 | D:15     | Killed Nessos
 24874 | D:15     | Noticed Agnes
 24885 | D:15     | Killed Agnes
 25234 | D:15     | Found a staircase to the Depths.
 25538 | Swamp:1  | Entered Level 1 of the Swamp
 25544 | Swamp:1  | Noticed a tentacled monstrosity
 25685 | Lair:3   | Killed a tentacled monstrosity
 25686 | Lair:3   | Reached skill level 19 in Spellcasting
 26429 | Swamp:1  | Offered knowledge of Spellforged Servitor by Vehumet.
 26438 | Swamp:1  | Learned a level 7 spell: Spellforged Servitor
 27746 | Swamp:3  | Reached XP level 17. HP: 106/106 MP: 38/42
 27773 | Swamp:3  | Reached skill level 15 in Conjurations
 28214 | Swamp:3  | Identified the +0 leather armour "Liel" {rPois Regen+ Str-5
                  | Int+8}
 28433 | Swamp:4  | Entered Level 4 of the Swamp
 28490 | Swamp:4  | Found the +2 hood of the Assassin {Detection Stab+ Stlth++}
 28531 | Swamp:4  | Found a runed translucent gate.
 28531 | Swamp:4  | Found a runed translucent gate.
 28531 | Swamp:4  | Found a runed translucent gate.
 28534 | Swamp:4  | Noticed CuBeRJAN3's ghost (adept MiFi)
 29021 | Swamp:4  | Offered knowledge of Lehudib's Crystal Spear by Vehumet.
 29592 | Swamp:4  | Reached skill level 1 in Translocations
 29639 | Swamp:4  | Killed from afar by a thorn hunter

Illustrated notes

Levels and vault maps discovered:
D:1:      heliophobic_arrival_battle_scene, layout_loops_ring,
          minmay_misc_feat_more_columns
D:2:      layout_loops_cross, shapermc_ecumenical_altar_starsandcircs,
          basic_altar, minmay_misc_feat_columns, hangedman_feature_mirror
D:3:      layout_basic, nicolae_dithmenos_shadow_blocks, uniq_sigmund, uniq_ijyb
D:4:      layout_basic, nicolae_uskayaw_suspiria, lightli_temple_of_fire,
          minmay_temple_entry_steel_oval, uniq_grinder
D:5:      layout_gridville, uniq_pikel
D:6:      layout_layer_cave, grunt_ministairs_11
D:7:      layout_basic, mainiacjoe_overflow_boulevard,
          grunt_temple_overflow_open, minmay_misc_feat_plants, chequers_garden
D:8:      layout_gridville, kennysheep_mini
D:9:      layout_loops_corners, nicolae_qazlal_style_of_elements,
          lair_entry_dummy, chequers_hall_statues_wall_a, kennysheep_path_1,
          kennysheep_just_a_vault
D:10:     layout_cave_pools, uniq_sonja
D:11:     layout_irregular_city, jiyva_altar_1
D:12:     layout_irregular_city, zombieorc2_lemuel, minivault_25,
          hangedman_decor_riveting, chequers_serial_rivers_large_b,
          kb_lookout_dungeons_type
D:13:     layout_roguey, david_vaults_2
D:14:     layout_gridville, serial_shops, shop, serial_park_gazebo
          [serial_park_minivault_5x5_8]
D:15:     gammafunk_enter_depths_forms, layout_basic, nicolae_twisting_strands,
          uniq_kirke, uniq_nessos, uniq_roxanne, uniq_agnes
Temple:   pf_slimified_temple
Lair:1:   layout_roguey, minivault_11, grunt_megastairs_3
Lair:2:   layout_cave_shapes, beast_lair_carwin_3
Lair:3:   layout_loops_ring, skrybe_swamp_entry_bodies, uniq_urug
Lair:4:   gammafunk_mikee_crab_dinner, layout_cave_pods,
          minmay_snake_entry_spellcaster, ebering_ghost_inner_flame,
          lemuel_fruit_tree
Lair:5:   layout_concentric_octagons, slime_altar_2
Lair:6:   wormcave, layout_long_grid, guppyfry_lair_end_dragon,
          grunt_megastairs_4, infiniplex_staircase_pool
Swamp:1:  layout_falls_marsh, evilmike_swamp_ruin_rubble_1, swamp_pool5,
          infiniplex_staircase_pool_2
Swamp:2:  layout_falls_marsh, hangedman_swamp_ruin_wall
Swamp:3:  layout_basic_swamp, nicolae_swamp_some_circles
Swamp:4:  nzn_swamp_witches_coven, layout_basic_swamp,
          ebering_ghost_rock_garden, swamp_pool4
Orc:1:    layout_caves, basic_altar, uniq_jorgrun
Orc:2:    st_orc_open, layout_diamond_mine, serial_shops, shop,
          portal_ice_cave_entry_ice_simulacra, mines1_david

Skill      XL: |  1  2  3  4  5  6  7  8  9 10 11 12 13 14 15 16 17 |
---------------+----------------------------------------------------+-----
Conjurations   | 5 6 7 8 9 10 11 12 13 14 15 | 15.3
Fighting       | 1 2 3 5 6 7 8 9 10 11 12 | 12.3
Stealth        | 3 4 5 6 7 8 |  8.1
Spellcasting   | 4 6 7 9 10 11 12 14 15 17 18 19 | 19.9
Dodging        | 3 4 5 6 7 8 |  8.2
Throwing       | 1 2 3 4 6 7 |  7.6
Armour         | 1 2 3 4 |  4.4
Evocations     | 1 2 4 5 6 7 |  7.9
Ice Magic      | 1 2 3 |  3.9
Shields        | 1 2 |  2.5
Earth Magic    | 3 6 9 10 11 12 | 12.2
Fire Magic     | 1 2 3 |  3.0
Long Blades    | 1 2 |  2.8
Transmutations | 1 |  1.9
Translocations | 1 |  1.1
Short Blades   | |  0.3
Air Magic      | |  0.1

Action                   |  1- 3 |  4- 6 |  7- 9 | 10-12 | 13-15 | 16-18 || total
-------------------------+-------+-------+-------+-------+-------+-------++-------
Melee: Dagger            |       |       |       |    26 |       |     7 ||    33
       Falchion          |       |       |       |       |    38 |    17 ||    55
       Unarmed           |       |       |       |       |     1 |       ||     1
       Demon blade       |       |       |       |       |       |    64 ||    64
Throw: Dart              |       |     4 |    20 |    59 |    13 |    19 ||   115
       Throwing net      |       |       |     2 |       |       |       ||     2
       Javelin           |       |       |       |       |     9 |       ||     9
       Boomerang         |       |       |       |       |    44 |     5 ||    49
 Cast: Magic Dart        |    61 |    52 |    13 |    68 |    56 |    12 ||   262
       Searing Ray       |     2 |    20 |    70 |   156 |   106 |     2 ||   356
       Freeze            |       |       |     4 |    19 |     5 |       ||    28
       Iskenderun's Myst |       |       |       |     8 |     1 |     2 ||    11
       Iron Shot         |       |       |       |    35 |   287 |   230 ||   552
       Fireball          |       |       |       |       |    67 |     2 ||    69
       Petrify           |       |       |       |       |     9 |    24 ||    33
       Passwall          |       |       |       |       |     1 |     2 ||     3
       Ice Form          |       |       |       |       |     1 |       ||     1
       Lee's Rapid Decon |       |       |       |       |    28 |    53 ||    81
       Swiftness         |       |       |       |       |     1 |     3 ||     4
 Abil: Evoke Blink       |       |       |       |     1 |    10 |    17 ||    28
Evoke: Wand              |       |       |    22 |    14 |    52 |    34 ||   122
       Tin of tremorston |       |       |       |       |     2 |       ||     2
  Use: Scroll            |       |       |     5 |     6 |    11 |     9 ||    31
       Potion            |       |       |       |     1 |     2 |     9 ||    12
 Stab: Petrified         |       |       |       |       |    14 |    24 ||    38
       Paralysed         |       |       |       |       |       |     6 ||     6
       Petrifying        |       |       |       |       |       |     1 ||     1
       Sleeping          |       |       |       |       |       |     1 ||     1
Armor: Leather armour    |       |     6 |     2 |       |       |       ||     8
       Robe              |       |       |    10 |    53 |    17 |       ||    80
       Acid dragon scale |       |       |       |       |    62 |   132 ||   194
       Skin              |       |       |       |       |     1 |       ||     1
Dodge: Dodged            |     4 |     3 |    25 |   104 |   143 |   173 ||   452
Block: Buckler           |       |     2 |     8 |    29 |    53 |    41 ||   133
       Rpst.: Falchion   |       |       |       |       |    19 |    16 ||    35
       Demon blade       |       |       |       |       |       |     6 ||     6
